Map: Prion Terraces

Players

LilDicky

  • Race: Terran Terran
  • League: Diamond

Gamearay - Winner!

  • Race: Zerg Zerg
  • League: Diamond

VOD

http://www.twitch.tv/tumescentpie

Description

Time

  • Played on: Nov. 26, 2015, 9:48 p.m.
  • Length: 12:58
Show
View Real Time Build Order
Export as new Build Order

LilDicky Terran 

Build Orders:  

Get SALT Encoding   

  12  0:01  SCV  
  13  0:13  SCV  
  14  0:18  Supply Depot  
  14  0:26  SCV  
  15  0:39  SCV  
  16  0:43  Barracks  
  16  0:47  Refinery  
  16  0:51  SCV  
  17  1:03  SCV  
  18  1:16  SCV  
  19  1:28  SCV  
  19  1:31  Marine  
  21  1:35  Command Center  
  21  1:44  Orbital Command  
  21  1:49  Marine  
  22  1:59  Factory  
  22  2:08  Supply Depot  
  22  2:16  Barracks Reactor  
  22  2:18  SCV  
  22  2:19  Refinery  
  23  2:46  Starport  
  23  2:56  Marine x2  
  23  2:57  SCV  
  26  3:00  Factory Tech Lab  
  26  3:03  Orbital Command  
  26  3:09  Bunker  
  26  3:14  Marine x2  
  26  3:19  Siege Tank  
  30  3:20  SCV  
  31  3:29  SCV  
  31  3:31  Marine  
  31  3:32  Marine  
  34  3:34  Refinery  
  34  3:41  Supply Depot  
  34  3:49  Marine x2  
  34  3:53  SCV x2  
  38  3:57  Medivac  
  40  4:03  Siege Tank  
  40  4:06  SCV  
  44  4:10  Supply Depot  
  44  4:11  SCV  
  45  4:19  Marine  
  45  4:20  SCV, Marine  
  48  4:27  Medivac  
  50  4:36  SCV  
  50  4:37  Siege Tank, Marine  
  55  4:38  Marine  
  55  4:40  Liberator  
  55  4:44  SCV  
  57  4:46  Supply Depot  
  57  4:50  SCV  
  58  4:56  SCV  
  60  5:21  SCV  
  60  5:22  SCV  
  61  5:34  Liberator  
  55  5:45  SCV  
  58  6:01  Marine x2  
  60  6:07  SCV, Barracks x2  
  60  6:08  Barracks x2  
  60  6:09  Engineering Bay  
  60  6:10  SCV, Engineering Bay  
  62  6:19  SCV, Marine  
  62  6:22  SCV, Liberator  
  61  6:31  SCV  
  62  6:34  SCV  
  66  6:40  Siege Tank  
  66  6:43  SCV  
  70  6:48  Command Center  
  70  7:06  SCV x2  
  70  7:07  Liberator  
  69  7:18  SCV  
  70  7:23  SCV  
  70  7:24  Siege Tank  
  75  7:30  SCV  
  75  7:35  SCV  
  77  7:57  Siege Tank  
  76  8:04  SCV x2  
  67  8:19  SCV x2  
  68  8:31  SCV x2  
  68  8:34  Engineering Bay  
  70  8:38  Siege Tank  
  70  8:39  Barracks Reactor, Barracks Tech Lab x2  
  73  8:42  Terran Infantry Weapons Level 1, Terran Infantry Armor Level 1  
  73  8:43  SCV x2  
  73  8:45  Armory  
  75  8:49  Barracks Reactor, Planetary Fortress  
  76  8:55  SCV x2  
  76  8:59  Refinery  
  73  9:03  Refinery, Starport Tech Lab  
  73  9:07  SCV x2  
  75  9:14  Hi-Sec Auto Tracking  
  75  9:15  Refinery  
  75  9:19  SCV, Marine x3  
  75  9:20  Marauder x2, Marine  
  84  9:28  Supply Depot  
  84  9:29  Supply Depot  
  84  9:31  Marine x2  
  84  9:36  Marine  
  84  9:37  Marine x2  
  89  9:40  SCV x2  
  89  9:44  Marine x2  
  93  9:48  Cloaking Field  
  93  9:49  Banshee, Marine  
  93  9:52  SCV x2  
  99  10:03  Marauder  
  99  10:04  SCV x2, Missile Turret  
  99  10:05  Marine x5  
  108  10:07  Marauder  
  108  10:11  Missile Turret  
  108  10:13  Starport  
  110  10:16  SCV  
  110  10:17  Barracks  
  110  10:18  Barracks x2, Marine  
  112  10:21  Command Center  
  112  10:22  Marine  
  112  10:23  Marine x3  
  116  10:39  Supply Depot  
  116  10:41  Terran Infantry Weapons Level 2  
  116  10:44  Building Armor  
  116  10:45  Marine  
  116  10:46  Marauder x2, Marine x2  
  123  10:52  Marine x3  
  123  10:55  Starport Reactor  
  126  10:59  Supply Depot  
  126  11:03  Marine  
  127  11:08  Marauder x2  
  105  11:29  Marauder x2  
  105  11:30  Marine x2  
  93  11:36  Marine x5  
  97  11:47  Marine  
  97  11:48  Barracks Tech Lab, Marine  
  97  11:49  Barracks Tech Lab  
  97  11:51  Marauder x2  
  97  11:53  Marine  
  102  11:54  Marine x4  
  105  12:12  Marauder x2  
  105  12:13  Marine x2  
  105  12:14  Medivac  
  105  12:15  Medivac  
  99  12:23  SCV x2  
  99  12:24  Siege Tank  
  99  12:29  Marine x6  
  109  12:30  Marauder  
  109  12:33  Marauder x2  
  109  12:35  SCV, Marine x2  
Show
View Real Time Build Order
Export as new Build Order

Gamearay Zerg - Winner!

Build Orders: Hatch First 

Get SALT Encoding   

  12  0:01  Drone  
  13  0:12  Overlord  
  13  0:17  Drone  
  14  0:30  Drone x2  
  16  0:36  Drone  
  17  0:45  Drone  
  18  0:56  Hatchery  
  17  0:58  Drone  
  17  1:01  Extractor  
  17  1:06  Drone  
  18  1:17  Drone  
  19  1:19  Spawning Pool  
  18  1:28  Drone  
  19  1:40  Drone  
  20  1:50  Overlord  
  20  2:06  Queen  
  22  2:08  Zergling x2  
  22  2:09  Queen  
  22  2:10  Metabolic Boost, Zergling x2  
  22  2:13  Zergling x2  
  27  2:23  Drone x2  
  29  2:31  Drone  
  30  2:37  Drone  
  30  2:44  Drone x2  
  33  2:54  Drone x2  
  35  2:58  Roach Warren  
  34  3:06  Extractor  
  34  3:09  Lair  
  34  3:10  Drone x2  
  35  3:14  Overlord  
  35  3:23  Overlord  
  35  3:26  Drone  
  36  3:31  Queen  
  36  3:33  Drone  
  36  3:34  Drone x5  
  44  3:46  Roach x4  
  52  3:55  Evolution Chamber x2  
  50  3:56  Extractor  
  50  3:57  Drone, Extractor  
  50  3:58  Drone  
  50  4:00  Drone  
  51  4:03  Drone  
  51  4:07  Glial Reconstitution  
  52  4:14  Spore Crawler  
  52  4:15  Spore Crawler  
  52  4:16  Drone  
  51  4:18  Drone  
  52  4:32  Zerg Missile Weapons Level 1, Zerg Ground Armor Level 1  
  52  4:33  Overlord  
  52  4:40  Overlord  
  52  4:51  Drone  
  52  4:52  Drone x4  
  57  4:57  Drone x2  
  57  4:58  Drone  
  57  4:59  Drone x2  
  64  5:21  Roach x3  
  64  5:23  Overlord x4  
  60  5:42  Roach x3  
  63  5:50  Roach x4  
  63  5:51  Roach  
  73  6:04  Ravager  
  73  6:05  Ravager x5  
  73  6:10  Roach x3  
  83  6:35  Roach x3  
  83  6:36  Roach x4  
  83  6:38  Queen  
  97  7:13  Overlord x5  
  97  7:15  Overseer  
  95  7:33  Tunneling Claws  
  95  7:36  Burrow  
  93  7:37  Zerg Ground Armor Level 2  
  95  7:44  Roach x5  
  95  7:45  Roach x3  
  109  7:52  Hatchery  
  109  7:57  Hatchery  
  71  8:16  Roach x2  
  72  8:25  Spire  
  68  8:28  Roach x5  
  68  8:31  Ravager x2  
  68  8:32  Ravager x4  
  85  8:43  Hydralisk Den  
  84  8:49  Roach x4  
  92  9:06  Drone x7  
  99  9:17  Drone x4  
  99  9:21  Muscular Augments  
  103  9:27  Queen  
  103  9:29  Queen  
  107  9:31  Hydralisk x3  
  107  9:32  Hydralisk x4  
  121  9:49  Overlord x2  
  121  9:50  Overlord  
  121  9:59  Hydralisk x7  
  127  10:00  Hydralisk  
  127  10:03  Extractor  
  127  10:04  Drone x4, Extractor  
  139  10:22  Roach x6  
  139  10:23  Roach x3  
  139  10:27  Hatchery  
  156  10:35  Drone x5  
  161  10:40  Pneumatized Carapace  
  161  10:58  Hydralisk x2  
  161  10:59  Hydralisk  
  161  11:00  Overlord x2  
  161  11:01  Overlord x3  
  137  11:45  Hydralisk  
  137  11:46  Hatchery, Hydralisk x8  
  137  11:47  Hydralisk  
  156  11:55  Overseer, Queen  
  156  11:58  Queen  
  158  12:14  Hydralisk x3  
  158  12:15  Hydralisk x6  
  168  12:16  Hydralisk  
  178  12:27  Extractor  
  178  12:28  Extractor  
  176  12:41  Hatchery  
Tags
 
Add a new tag
Caveats
  • Supply blocks, unpowered buildings, or Contaminate may cause inaccurate times.
  • Supply counts are checked every 10 seconds.